 Dungeon Crawl Stone Soup version 0.20-a0-828-gbdc6353 (webtiles) character file.

42 Laan the Caller (level 3, -2/24 HPs)
             Began as a Mummy Summoner on Mar 6, 2017.
             Slain by an adder (3 damage)
             ... on level 3 of the Dungeon.
             The game lasted 00:06:19 (2037 turns).

Laan the Caller (Mummy Summoner)                    Turns: 2037, Time: 00:06:19

Health: -2/24      AC:  3    Str: 11    XL:     3   Next: 35%
Magic:  0/7        EV: 12    Int: 15    God:
Gold:   63         SH:  0    Dex: 12    Spells: 5/8 levels left

rFire    x . .     SeeInvis .   (no weapon)
rCold    + . .     Gourm    .   a - +0 robe
rNeg     + + +     Faith    .   (no shield)
rPois    ∞         Spirit   .   f - +1 hat
rElec    .         Reflect  .   (no cloak)
rCorr    .         Harm     .   (no gloves)
MR       .....                  (no boots)
Stlth    ++........             g - amulet of magic regeneration
Regen    0.1/turn               (no ring)
MPRegen  0.2/turn               (no ring)

@: no status effects
A: no food or potions, fire vulnerability, cold resistance 1, negative energy
resistance 3, torment resistance, unbreathing
a: no special abilities


You were on level 3 of the Dungeon.
You were not hungry.

You visited 1 branch of the dungeon, and saw 3 of its levels.

You collected 63 gold pieces.

Inventory:

Armour
 a - a +0 robe (worn)
 f - a +1 hat (worn)
Jewellery
 g - an amulet of magic regeneration (around neck)
Scrolls
 c - a scroll of blinking {unknown}
 d - 3 scrolls of amnesia {unknown}
 e - 3 scrolls of identify {unknown}
 h - a scroll of teleportation {unknown}
 i - a scroll of magic mapping {unknown}
Books
 b - a book of Callings

   Spells                             Type                      Level
   a - Summon Small Mammal            Summoning                    1
   b - Call Imp                       Summoning                    2
   c - Call Canine Familiar           Summoning                    3
   d - Summon Guardian Golem          Hexes/Summoning              3
   e - Summon Lightning Spire         Summoning/Air                4
   f - Summon Ice Beast               Ice/Summoning                4


   Skills:
 - Level 1.5 Dodging
 - Level 1.5 Stealth
 + Level 3.2 Spellcasting
 * Level 4.1 Summonings


You had 5 spell levels left.
You knew the following spells:

 Your Spells              Type           Power        Failure   Level  Hunger
a - Summon Small Mammal   Summ           ##..         4%          1    N/A
b - Call Imp              Summ           ##......     8%          2    N/A

Dungeon Overview and Level Annotations

Branches:
Dungeon (2/15)

Altars:

Portals:
Sewer: D:3


Innate Abilities, Weirdness & Mutations

You do not eat or drink.
Your flesh is vulnerable to fire.
You are immune to poison.
Your flesh is cold resistant. (rC+)
You are immune to negative energy. (rN+++)
You are immune to unholy pain and torment.
You can survive without breathing.


Message History

Your bat closely misses the adder.
Your bat dies!
Your bat's corpse disappears in a puff of smoke!
Casting: Summon Small Mammal
Confirm with . or Enter, or press ? or * to list all spells.
The adder bites you.
* * * LOW HITPOINT WARNING * * *
You swap places.
The adder bites your quokka.
Your quokka is poisoned.
The adder poisons your quokka!
Your quokka bites the adder.
There is a stone staircase leading down here.
The adder bites your quokka.
Your quokka dies!
Your quokka's corpse disappears in a puff of smoke!
Casting: Summon Small Mammal
Confirm with . or Enter, or press ? or * to list all spells.
The adder barely misses you.
Your quokka bites the giant cockroach but does no damage.
The adder bites you.
You die...

#......#. #+#
#........ #.#
#.#######
#.######.#≈≈≈≈≈#
####>§§sS...'≈≈∩≈≈#
#...######..#≈≈≈≈≈#
+...S# #..#######
#rsS.# #.........
#..@.# #S###.....
#....# #s# .....
#....# #S# ....
####.# #.# ####
#####.# #.#
#.....#####s#####
#.##%.5...5s5...#
#............#
#.#..........#


You could see 2 adders, a giant cockroach, a friendly crimson imp and a friendly
quokka.

Vanquished Creatures
  An adder (D:2)
  A ball python (D:1)
  A kobold (D:1)
3 creatures vanquished.

Vanquished Creatures (collateral kills)
  2 adders
  A worm (D:2)
  A dart slug (D:1)
  4 leopard geckos
  2 bats
  4 goblins
  5 hobgoblins (D:1)
  3 kobolds
  3 frilled lizards
  3 rats
28 creatures vanquished.

Grand Total: 31 creatures vanquished

Notes
Turn   | Place    | Note
-------+----------+-------------------------------------------
     0 | D:1      | Laan the Mummy Summoner began the quest for the Orb.
     0 | D:1      | Reached XP level 1. HP: 13/13 MP: 4/4
   569 | D:1      | Reached XP level 2. HP: 15/19 MP: 0/5
   573 | D:1      | Learned a level 2 spell: Call Imp
  1816 | D:2      | Reached XP level 3. HP: 24/24 MP: 2/7
  1875 | D:2      | Reached skill level 4 in Summonings
  1950 | D:2      | You fall through a shaft!
  1967 | D:3      | Found a glowing drain.
  2030 | D:3      | HP: 1/24 [adder (4)]
  2037 | D:3      | Slain by an adder

Vault maps used:
D:1:      minmay_arrival_widening_spiral_wide, serial_bayou_crossing
D:3:      gup_sewer_entry_glass, glass_columns_b, uniq_iyjb

Skill      XL: |  1  2  3 |
---------------+----------+-----
Spellcasting   | 3 |  3.2
Summonings     | 4 |  4.1
Dodging        | |  1.5
Stealth        | |  1.5

Action                   || total
-------------------------++-------
Melee: Unarmed           ||    21
 Cast: Summon Small Mamm ||    54
       Call Imp          ||    23
Armor: Robe              ||    17
Dodge: Dodged            ||    45
